Map: Heavy Artillery LE

Players

Throwfordays

  • Race: Protoss Protoss
  • League: Silver
  • Spawn Location: 3:00

Faust

  • Race: Zerg Zerg
  • League: Diamond
  • Spawn Location: 1:00

Callous

  • Race: Zerg Zerg
  • Spawn Location: 7:00

tyc

  • Race: Terran Terran
  • League: Diamond
  • Spawn Location: 7:00

VOD

Have the link to the VOD?

Description

Time

  • Played on: July 18, 2020, 12:10 a.m.
  • Length: 8:05
Show
View Real Time Build Order
Export as new Build Order

Throwfordays Protoss 

Build Orders: Cannon Rush 

Get SALT Encoding   

  12  0:00  Probe  
  13  0:14  Pylon  
  13  0:36  Forge  
  13  0:50  Pylon  
  13  0:55  Probe  
  13  1:03  Probe  
  14  1:10  Photon Cannon  
  15  1:12  Photon Cannon  
  15  1:20  Probe  
  16  1:26  Pylon  
  16  1:32  Probe  
  17  1:45  Photon Cannon  
  17  1:50  Photon Cannon  
  17  2:01  Photon Cannon  
  16  2:23  Probe  
  17  2:38  Nexus  
  17  2:51  Probe  
  17  2:56  Gateway  
  17  2:58  Assimilator  
  18  3:27  Probe  
  18  3:34  Assimilator  
  18  3:39  Probe  
  19  3:45  Cybernetics Core  
  19  3:47  Probe  
  19  3:51  Gateway  
  19  3:54  Probe  
  19  3:55  Probe  
  21  3:57  Gateway  
  21  4:00  Pylon  
  22  4:03  Warp Gate, Probe  
  22  4:05  Probe  
  24  4:11  Probe  
  25  4:17  Probe  
  25  4:21  Probe  
  25  4:22  Adept  
  29  4:28  Pylon  
  30  4:31  Probe  
  30  4:40  Probe  
  30  4:43  Probe  
  30  4:44  Adept  
  35  4:52  Probe  
  35  4:55  Pylon, Probe  
  35  4:57  Gateway  
  36  5:02  Stalker  
  36  5:04  Probe  
  36  5:06  Pylon  
  39  5:10  Probe  
  40  5:17  Probe  
  40  5:19  Probe  
  41  5:27  Probe  
  42  5:29  Probe  
  42  5:30  Robotics Facility  
  42  5:32  Robotics Facility  
  44  5:40  Probe  
  46  5:47  Assimilator  
  46  5:48  Probe  
  46  5:52  Stalker x2  
  46  5:53  Assimilator, Stalker  
  52  5:58  Stalker  
  52  6:01  Probe  
  55  6:13  Probe x2  
  55  6:16  Nexus  
  55  6:18  Pylon, Immortal  
  57  6:21  Probe  
  57  6:32  Probe  
  67  6:40  Immortal  
  65  7:03  Stalker x2  
  65  7:06  Pylon  
  69  7:11  Pylon  
  69  7:25  Stalker x2  
  69  7:26  Pylon  
  69  7:27  Stalker  
  69  7:28  Stalker  
  51  7:49  Stalker x2  
  49  7:51  Stalker x2  
Show
View Real Time Build Order
Export as new Build Order

Faust Zerg 

Build Orders: Pool First 

Get SALT Encoding   

  12  0:03  Drone  
  13  0:09  Drone  
  14  0:16  Extractor, Drone  
  15  0:37  Overlord  
  15  0:41  Spawning Pool  
  14  1:02  Hatchery  
  13  1:22  Extractor  
  13  1:24  Drone  
  13  1:26  Overlord  
  13  1:28  Drone  
  14  1:41  Drone  
  15  2:03  Drone x2  
  17  2:12  Queen  
  19  2:27  Drone  
  19  2:28  Drone  
  19  2:29  Overlord  
  21  2:31  Metabolic Boost  
  21  2:34  Queen  
  23  2:46  Drone x3  
  26  3:04  Drone x2  
  28  3:25  Drone  
  28  3:26  Drone x8  
  37  3:32  Lair  
  37  4:02  Zergling x2  
  37  4:03  Zergling x14  
  40  4:29  Baneling Nest  
  34  4:55  Roach Warren, Drone x5  
  34  4:59  Extractor  
  37  5:00  Overlord x2  
  37  5:01  Overlord x2  
  37  5:03  Burrow  
  37  5:06  Extractor  
  36  5:07  Drone x3  
  39  5:15  Drone x5  
  44  5:24  Overlord  
  44  5:27  Overseer  
  41  5:56  Drone  
  42  5:57  Roach  
  42  5:58  Roach x8  
  60  6:31  Drone x3  
  63  6:34  Hatchery  
  63  6:37  Extractor  
  63  6:38  Drone x3  
  28  7:13  Roach x2  
  28  7:14  Roach  
Show
View Real Time Build Order
Export as new Build Order

Callous Zerg 

Build Orders: Hatch First 

Get SALT Encoding   

  12  0:01  Drone  
  13  0:08  Drone  
  14  0:40  Hatchery  
  13  0:43  Drone  
  13  0:46  Overlord  
  14  1:05  Drone  
  14  1:06  Drone x2  
  17  1:16  Spawning Pool  
  16  1:24  Extractor, Drone  
  16  2:01  Drone  
  16  2:02  Drone x3  
  16  2:07  Queen  
  22  2:12  Spine Crawler  
  22  2:13  Spine Crawler  
  20  2:17  Queen  
  22  2:28  Zergling x4  
  22  2:29  Zergling x2  
  25  2:31  Drone  
  26  2:39  Roach Warren  
  25  2:59  Queen  
  27  3:15  Overlord  
  27  3:28  Overlord  
  27  3:38  Roach x4  
  35  3:45  Overlord  
  35  3:46  Queen  
  37  4:01  Ravager  
  37  4:02  Ravager  
  38  4:03  Roach x3  
  43  4:13  Drone x2  
  43  4:14  Zergling x4  
  46  4:17  Extractor  
  45  4:36  Ravager  
  45  4:37  Zergling x4, Drone x2  
  45  4:38  Drone x2  
  49  4:47  Zergling x4  
  49  4:48  Zergling x2  
  50  5:02  Zergling x4  
  50  5:10  Zergling x2  
  50  5:11  Zergling x2  
  50  5:12  Overlord x2  
  52  5:21  Drone  
  52  5:23  Overlord  
  52  5:33  Metabolic Boost  
  52  5:37  Drone x4  
  56  5:56  Roach x4  
  64  5:57  Zergling x2  
  64  6:01  Drone x2  
  67  6:16  Drone x5  
  72  6:31  Hatchery  
  71  6:33  Ravager  
  71  6:35  Ravager  
  71  7:06  Roach x2  
  71  7:07  Zergling x2, Overlord  
  71  7:08  Overlord x2  
  76  7:22  Ravager  
  74  7:23  Ravager x2  
  74  7:24  Overlord x4  
Show
View Real Time Build Order
Export as new Build Order

tyc Terran 

Build Orders:  

Get SALT Encoding   

  12  0:01  SCV  
  13  0:13  SCV  
  14  0:20  Supply Depot  
  14  0:25  SCV  
  15  0:30  Refinery  
  15  0:41  SCV  
  16  0:45  Barracks  
  16  0:54  SCV  
  17  1:02  Supply Depot  
  17  1:06  SCV  
  18  1:20  SCV  
  19  1:35  Reaper  
  19  1:38  Bunker  
  19  2:08  Bunker  
  19  2:25  Orbital Command  
  19  2:29  Refinery  
  19  2:36  Barracks  
  19  2:39  Refinery  
  19  2:52  SCV  
  20  3:04  SCV  
  21  3:06  Factory  
  21  3:15  Marine  
  21  3:16  SCV  
  23  3:30  Supply Depot  
  23  3:46  Engineering Bay  
  23  3:50  Factory Tech Lab  
  23  3:51  Marine x2  
  23  3:52  SCV  
  26  4:09  Marine x2  
  28  4:10  Supply Depot, Siege Tank  
  28  4:14  Missile Turret  
  31  4:29  Supply Depot  
  31  4:31  Marine  
  31  4:32  SCV  
  33  4:43  Siege Tank  
  33  4:44  SCV  
  37  5:00  Marine x2  
  37  5:02  Command Center  
  39  5:15  Siege Tank  
  42  5:25  Barracks Tech Lab  
  42  5:36  Barracks Tech Lab  
  42  5:40  SCV  
  43  5:47  Siege Tank  
  43  5:49  Marine  
  47  5:53  Stimpack  
  47  5:55  Combat Shield  
  47  6:06  Supply Depot x2  
  47  6:13  Marine x2, SCV  
  50  6:19  Siege Tank  
  54  6:25  SCV  
  54  6:30  Orbital Command  
  54  6:31  Marine  
  55  6:37  SCV  
  56  6:49  Marine, SCV  
  54  7:08  Marine  
  54  7:09  Marine  
  54  7:11  Siege Tank  
  59  7:25  SCV x2  
  59  7:26  Marine  
  59  7:27  Marine  
  59  7:29  Missile Turret  
  60  7:37  SCV x2  
  60  7:44  Marine  
Tags
 
Add a new tag
Caveats
  • Supply blocks, unpowered buildings, or Contaminate may cause inaccurate times.
  • Supply counts are checked every 10 seconds.